[Event "20th Prague Open 2022"]
[Site "Prague"]
[Date "2022.01.12"]
[Round "7.10"]
[White "Hrabusa, Matej"]
[Black "Grutter, Tim"]
[Result "1-0"]
[ECO "E92"]
[WhiteElo "2369"]
[BlackElo "2194"]
[Annotator "ChessBase"]
[PlyCount "155"]
[EventDate "2022.01.07"]
[EventType "swiss"]
[EventCountry "CZE"]
[SourceTitle "playchess.com"]
[Source "ChessBase"]
[SourceQuality "1"]
[TimeControl "40/5400+30:1800+30"]

1. d4 Nf6 2. Nf3 g6 3. c4 Bg7 4. Nc3 d6 5. e4 O-O 6. Be2 e5 7. Be3 exd4 8. Nxd4 Re8 9. f3 c6 10. Bf2 d5 11. exd5 cxd5 12. O-O Nc6 13. c5 Nxd4 14. Bxd4 Bd7 15. Qd2 Qa5 16. Rad1 Rad8 17. Kh1 Kh8 18. Rfe1 Be6 19. Qf4 Nh5 20. Bxg7+ Kg8 21. Qd4 Nxg7 22. Bb5 Rf8 23. b4 Qc7 24. Bd3 a6 25. a4 Qd7 26. b5 axb5 27. axb5 Bf5 28. Bxf5 Nxf5 29. Qxd5 Qc7 30. Qc4 Rxd1 31. Rxd1 Rc8 32. Ne4 Ne3 33. Nf6+ Kf8 34. Qh4 Kg7 35. Rc1 Qe5 36. Ne4 Nxg2 37. Qh3 f5 38. Ng5 h6 39. Qxh6+ Kxh6 40. Nf7+ Kg7 41. Nxe5 Nf4 42. c6 bxc6 43. Nxc6 Rc7 44. Ra1 Kf7 45. Rb1 Ne6 46. b6 Rb7 47. Na5 Rb8 48. b7 Nd8 49. Rc1 Ke6 50. Rc8 Nxb7 51. Rxb8 Nxa5 52. Rb6+ Kf7 53. Kg2 Nc4 54. Ra6 Ne3+ 55. Kf2 f4 56. Ke2 g5 57. Kd3 Nf1 58. Ra2 Ne3 59. Ke4 Kg6 60. h4 Nc4 61. hxg5 Kxg5 62. Rg2+ Kf6 63. Kxf4 Ne5 64. Ra2 Nd3+ 65. Ke3 Ne5 66. Ke4 Nc4 67. Ra6+ Ke7 68. Kf5 Ne3+ 69. Kg5 Kf7 70. f4 Nc4 71. f5 Ne5 72. Ra7+ Ke8 73. Kf6 Nc6 74. Ra8+ Kd7 75. Kg7 Nd4 76. f6 Nf5+ 77. Kg6 Ke6 78. Ra6+ 1-0

[Event "20th Prague Open 2022"]
[Site "Prague"]
[Date "2022.01.12"]
[Round "7.13"]
[White "Acor, Corey"]
[Black "Cornelisse, John"]
[Result "1/2-1/2"]
[ECO "B10"]
[WhiteElo "2303"]
[BlackElo "2173"]
[Annotator "ChessBase"]
[PlyCount "162"]
[EventDate "2022.01.07"]
[EventType "swiss"]
[EventCountry "CZE"]
[SourceTitle "playchess.com"]
[Source "ChessBase"]
[SourceQuality "1"]
[TimeControl "40/5400+30:1800+30"]

1. e4 c6 2. Nc3 d5 3. Nf3 dxe4 4. Nxe4 Nf6 5. Qe2 Nxe4 6. Qxe4 Nd7 7. d4 Nf6 8. Qf4 Bg4 9. Ne5 Bh5 10. g4 Bg6 11. Bg2 e6 12. O-O Nd7 13. Nxg6 hxg6 14. Re1 Nf6 15. h3 Bd6 16. Qf3 Qc7 17. Bg5 Nh7 18. Be3 O-O 19. c4 Rad8 20. Rad1 Rfe8 21. c5 Be7 22. Bf4 Qc8 23. Qg3 Nf6 24. Be5 Nd5 25. g5 b6 26. cxb6 axb6 27. Rc1 Qa6 28. a3 b5 29. Bf1 Qb6 30. b4 Ra8 31. Rb1 Qa7 32. Rb3 Bd8 33. h4 Bb6 34. Re4 Ne7 35. Qg4 Nf5 36. h5 Bc7 37. Rc3 Rac8 38. Qf3 Bxe5 39. dxe5 Red8 40. hxg6 fxg6 41. Re1 Qe7 42. Rec1 Qxg5+ 43. Qg2 Qh5 44. Rh3 Nh4 45. Qg3 Rd4 46. Qe3 Rg4+ 47. Kh1 Nf5 48. Qd2 Rh4 49. Rcc3 g5 50. Qd7 Re8 51. Rxh4 gxh4 52. Be2 Qxe2 53. Qxe8+ Kh7 54. Qxe6 Qxf2 55. Qxc6 Ng3+ 56. Rxg3 hxg3 57. Qe4+ g6 58. Qb7+ Kh6 59. Qg2 Qe1+ 60. Qg1 Qxe5 61. Kg2 Kg5 62. Qc5 Kf5 63. Qc8+ Ke4 64. Qc2+ Kf4 65. Qd2+ Kf5 66. Qd7+ Ke4 67. Qg4+ Kd3 68. Qd1+ Kc4 69. Qc2+ Qc3 70. Qe2+ Qd3 71. Qa2+ Kd4 72. Qa1+ Kd5 73. Qa2+ Ke5 74. a4 bxa4 75. Qxa4 Qe4+ 76. Kxg3 Qf4+ 77. Kg2 Qd2+ 78. Kf1 Qd3+ 79. Ke1 Qe3+ 80. Kd1 Qd3+ 81. Ke1 Kd5 1/2-1/2

[Event "20th Prague Open 2022"]
[Site "Prague"]
[Date "2022.01.12"]
[Round "7.18"]
[White "Kukucka, Matej"]
[Black "Blahynka, Martin"]
[Result "0-1"]
[ECO "E52"]
[WhiteElo "2104"]
[BlackElo "2399"]
[Annotator "ChessBase"]
[PlyCount "54"]
[EventDate "2022.01.07"]
[EventType "swiss"]
[EventCountry "CZE"]
[SourceTitle "playchess.com"]
[Source "ChessBase"]
[SourceQuality "1"]
[TimeControl "40/5400+30:1800+30"]

1. d4 Nf6 2. c4 e6 3. Nc3 Bb4 4. e3 O-O 5. Bd3 d5 6. Nf3 b6 7. O-O Bb7 8. cxd5 exd5 9. Bd2 Re8 10. Ne5 Bd6 11. f4 c5 12. Qf3 Nbd7 13. g4 Ne4 14. Nxe4 dxe4 15. Bxe4 Bxe4 16. Qxe4 Nxe5 17. fxe5 Bxe5 18. dxe5 Qxd2 19. Rf2 Qd8 20. Raf1 Re7 21. Qc4 Qd7 22. Rf5 Rf8 23. Qf4 Qe6 24. Rh5 Qxa2 25. Qf5 h6 26. g5 g6 27. Qf6 Re6 0-1

[Event "20th Prague Open 2022"]
[Site "Prague"]
[Date "2022.01.12"]
[Round "7.19"]
[White "Fus, Jakub"]
[Black "Zysko, Jan"]
[Result "1-0"]
[ECO "A06"]
[WhiteElo "2384"]
[BlackElo "2092"]
[Annotator "RC"]
[PlyCount "91"]
[EventDate "2022.01.07"]
[EventType "swiss"]
[EventCountry "CZE"]
[SourceTitle "playchess.com"]
[Source "ChessBase"]
[SourceQuality "1"]
[TimeControl "40/5400+30:1800+30"]

1. Nf3 d5 2. g3 g6 3. Bg2 Bg7 4. d4 Nf6 5. O-O O-O 6. c3 c6 7. Nbd2 Nbd7 8. Re1 Re8 9. e4 Nxe4 10. Nxe4 dxe4 11. Rxe4 Nf6 12. Re1 Bf5 13. Ne5 Nd7 14. Bf4 Nxe5 15. Bxe5 Qd7 16. Bxg7 Kxg7 17. Re3 Bg4 18. Qa4 Bh3 19. Bh1 Be6 20. Rae1 Qd6 21. Re5 Bd5 22. R1e2 Bxh1 23. Kxh1 e6 24. Qc4 Red8 25. h4 h5 26. a4 b6 27. a5 Rac8 28. b4 c5 29. dxc5 Qc6+ 30. R2e4 bxa5 31. b5 Qc7 32. Qe2 Rd5 33. c6 Rxe5 34. Rxe5 a4 35. c4 Rd8 36. Re3 Qa5 37. Qb2+ Kg8 38. Qc3 Qb6 39. Qb4 Rd1+ 40. Kg2 Qd4 41. c7 Qd7 42. Qxa4 Rd4 43. Qxa7 Rxc4 44. Qa8+ Kh7 45. b6 Rc1 46. b7 1-0

[Event "20th Prague Open 2022"]
[Site "Prague"]
[Date "2022.01.12"]
[Round "7.21"]
[White "Matras, Ondrej"]
[Black "Gajdos, Daniel"]
[Result "1-0"]
[ECO "D40"]
[WhiteElo "2223"]
[BlackElo "2076"]
[Annotator "RC"]
[PlyCount "121"]
[EventDate "2022.01.07"]
[EventType "swiss"]
[EventCountry "CZE"]
[SourceTitle "playchess.com"]
[Source "ChessBase"]
[SourceQuality "1"]
[TimeControl "40/5400+30:1800+30"]

1. d4 Nf6 2. c4 e6 3. Nc3 d5 4. Nf3 c5 5. e3 Nc6 6. a3 dxc4 7. Bxc4 a6 8. O-O b5 9. Ba2 Be7 10. Qe2 cxd4 11. Rd1 O-O 12. exd4 Ra7 13. b4 Rd7 14. Bb2 Bb7 15. Rac1 Qb6 16. d5 exd5 17. Nxd5 Nxd5 18. Rxd5 Rfd8 19. Rf5 Bf8 20. Rxf7 Rxf7 21. Bxf7+ Kxf7 22. Rxc6 Qxc6 23. Ne5+ Kg8 24. Nxc6 Bxc6 25. h4 Bd5 26. Qe5 Bf7 27. Bd4 Rd5 28. Qe3 Bd6 29. g4 h5 30. g5 Rf5 31. g6 Bc4 32. Qe8+ Bf8 33. Bc5 Rf6 34. Bxf8 Rxf8 35. Qe5 Rf6 36. Qxh5 Be6 37. Qg5 Bf5 38. h5 Kf8 39. Kh2 Kg8 40. Kg3 Kf8 41. Qd2 Bxg6 42. hxg6 Rxg6+ 43. Kf4 Rf6+ 44. Kg5 Ke7 45. Qd4 Kf7 46. Qd5+ Kf8 47. Qd8+ Kf7 48. Qd7+ Kf8 49. f4 Rh6 50. Qf5+ Ke7 51. Qe5+ Kf7 52. f5 Kf8 53. Qb8+ Kf7 54. Qc7+ Kf8 55. Qd7 Kg8 56. Qe7 Kh7 57. f6 Rxf6 58. Qxf6 gxf6+ 59. Kxf6 Kg8 60. Ke7 Kg7 61. Kd7 1-0

[Event "20th Prague Open 2022"]
[Site "Prague"]
[Date "2022.01.12"]
[Round "7.22"]
[White "Adamko, Peter"]
[Black "Michalczak, Thomas"]
[Result "0-1"]
[ECO "C50"]
[WhiteElo "2113"]
[BlackElo "2218"]
[Annotator "ChessBase"]
[PlyCount "138"]
[EventDate "2022.01.07"]
[EventType "swiss"]
[EventCountry "CZE"]
[SourceTitle "playchess.com"]
[Source "ChessBase"]
[SourceQuality "1"]
[TimeControl "40/5400+30:1800+30"]

1. e4 e5 2. Nf3 Nc6 3. Bc4 Nf6 4. d3 Bc5 5. Nc3 d6 6. h3 Be6 7. Bxe6 fxe6 8. Na4 Bb6 9. Nxb6 axb6 10. c3 O-O 11. O-O Qe8 12. Nh2 Nh5 13. g3 Qg6 14. Qg4 Qxg4 15. Nxg4 Rf3 16. Be3 Raf8 17. Kg2 R3f7 18. Rad1 Rd7 19. Bg5 h6 20. Bc1 Ra8 21. a3 Na5 22. b4 Nc6 23. Bb2 Rdd8 24. d4 exd4 25. cxd4 d5 26. e5 Ne7 27. Rd3 b5 28. Rf3 Nf5 29. Ne3 g6 30. Nxf5 gxf5 31. g4 Ng7 32. Bc1 Kh7 33. Rc3 c6 34. f4 Rh8 35. Rg3 Rag8 36. Kf3 fxg4+ 37. hxg4 h5 38. Rh1 Kg6 39. f5+ Kf7 40. fxe6+ Nxe6 41. Rf1 Ke7 42. Be3 hxg4+ 43. Kg2 Rg6 44. Rh1 Rxh1 45. Kxh1 Ng7 46. Bg1 Ke6 47. Kg2 Kf5 48. Re3 Kf4 49. Re1 g3 50. Rf1+ Ke4 51. Re1+ Kf5 52. Rf1+ Ke4 53. Re1+ Kf5 54. Rf1+ Ke6 55. Rf8 Nf5 56. Re8+ Kd7 57. Rh8 Rg7 58. Rh3 Ke6 59. Rh8 Kf7 60. Ra8 Kg6 61. a4 bxa4 62. Rxa4 Kg5 63. b5 Kg4 64. b6 Rf7 65. Kf1 Ne3+ 66. Ke2 Nc4 67. Rb4 Kh3 68. Rb1 Rf4 69. Kd3 Kg2 0-1

[Event "20th Prague Open 2022"]
[Site "Prague"]
[Date "2022.01.12"]
[Round "7.23"]
[White "Bouska, Jiri"]
[Black "Jordanov, Mihail"]
[Result "0-1"]
[ECO "C97"]
[WhiteElo "2071"]
[BlackElo "2193"]
[Annotator "ChessBase"]
[PlyCount "124"]
[EventDate "2022.01.07"]
[EventType "swiss"]
[EventCountry "CZE"]
[SourceTitle "playchess.com"]
[Source "ChessBase"]
[SourceQuality "1"]
[TimeControl "40/5400+30:1800+30"]

1. e4 e5 2. Nf3 Nc6 3. Bb5 a6 4. Ba4 Nf6 5. O-O Be7 6. Re1 b5 7. Bb3 d6 8. c3 O-O 9. h3 Na5 10. Bc2 c5 11. d4 Qc7 12. d5 Bd7 13. b3 Nb7 14. a4 bxa4 15. bxa4 c4 16. Ba3 Rfe8 17. Nbd2 Bf8 18. Qe2 Rec8 19. Reb1 Nh5 20. Qxc4 Qd8 21. Qf1 Rxc3 22. Bd1 Ra7 23. Bb4 Rc8 24. Nxe5 dxe5 25. Bxh5 Bxb4 26. Rxb4 Qg5 27. Qe2 Bxh3 28. Bxf7+ Kf8 29. f4 exf4 30. Nf3 Qe7 31. Rab1 Bxg2 32. Qxg2 Kxf7 33. e5 Kg8 34. d6 Nxd6 35. exd6 Qxd6 36. Rd4 Qf6 37. Rbd1 Rac7 38. Rd6 Qe7 39. Qa2+ Kf8 40. Nd4 Qe3+ 41. Qf2 Rc1 42. Ne2 Rxd1+ 43. Rxd1 Qxf2+ 44. Kxf2 Rc4 45. a5 Rc5 46. Ra1 g5 47. Ra2 Kf7 48. Nd4 Kf6 49. Nc2 Rb5 50. Nd4 Rc5 51. Nc2 Rc4 52. Ke2 Kf5 53. Kd3 Rc7 54. Nb4 Rd7+ 55. Ke2 Re7+ 56. Kf2 g4 57. Nxa6 g3+ 58. Kg2 Kg4 59. Ra4 Re2+ 60. Kf1 Rc2 61. Nb4 Rc1+ 62. Ke2 g2 0-1

[Event "20th Prague Open 2022"]
[Site "Prague"]
[Date "2022.01.12"]
[Round "7.24"]
[White "Kudrytskyi, Stanislav"]
[Black "Van Foreest, Machteld"]
[Result "1-0"]
[ECO "A50"]
[WhiteElo "2057"]
[BlackElo "2189"]
[Annotator "RC"]
[PlyCount "81"]
[EventDate "2022.01.07"]
[EventType "swiss"]
[EventCountry "CZE"]
[SourceTitle "playchess.com"]
[Source "ChessBase"]
[SourceQuality "1"]
[TimeControl "40/5400+30:1800+30"]

1. d4 Nf6 2. c4 a6 3. g3 c5 4. Nf3 cxd4 5. Nxd4 d6 6. Bg2 Qc7 7. b3 g6 8. O-O Bg7 9. Bb2 O-O 10. Nc3 e6 11. Rc1 Rd8 12. e4 Bd7 13. f4 Nc6 14. Nc2 Be8 15. Kh1 Rab8 16. Qe2 Qa5 17. a3 Qc7 18. b4 Rbc8 19. Rfd1 Ne7 20. Ne3 b6 21. g4 Bc6 22. Qf2 Qb7 23. f5 h6 24. fxe6 fxe6 25. Ncd5 exd5 26. Bxf6 Rf8 27. cxd5 Ba4 28. e5 Bxd1 29. Rxd1 Qa7 30. Qb2 dxe5 31. Bxg7 Kxg7 32. Qxe5+ Kh7 33. d6 Ng8 34. d7 Rcd8 35. Bc6 b5 36. Rd6 Qb8 37. g5 hxg5 38. Ng4 Qb6 39. Kg2 Rf4 40. Qxg5 Kh8 41. Qxf4 1-0

[Event "20th Prague Open 2022"]
[Site "Prague"]
[Date "2022.01.14"]
[Round "9.12"]
[White "Matras, Ondrej"]
[Black "Sorm, Daniel"]
[Result "1-0"]
[ECO "A53"]
[WhiteElo "2223"]
[BlackElo "2348"]
[Annotator "ChessBase"]
[PlyCount "140"]
[EventDate "2022.01.07"]
[EventType "swiss"]
[EventCountry "CZE"]
[SourceTitle "playchess.com"]
[Source "ChessBase"]
[SourceQuality "1"]
[TimeControl "40/5400+30:1800+30"]

1. d4 Nf6 2. c4 d6 3. Nc3 Nbd7 4. e4 e5 5. d5 Be7 6. Bd3 O-O 7. h3 Nc5 8. Bc2 a5 9. Be3 c6 10. dxc6 bxc6 11. Bxc5 dxc5 12. Qxd8 Rxd8 13. Nf3 Nd7 14. O-O-O Ba6 15. b3 f6 16. Na4 Nf8 17. Rxd8 Rxd8 18. Rd1 Rb8 19. Ne1 Kf7 20. Nd3 Ne6 21. Rf1 Bd6 22. Bd1 Bc8 23. Bg4 Nf4 24. Nxf4 Bxg4 25. hxg4 exf4 26. Rd1 Ke6 27. f3 Rh8 28. Rh1 g6 29. Nb2 h5 30. gxh5 gxh5 31. Nd3 h4 32. Kb2 Kd7 33. Ka3 Kc7 34. Ka4 Rg8 35. Rxh4 Rxg2 36. a3 Rg3 37. Nxf4 Rxf3 38. Rh7+ Kb6 39. Ne6 Re3 40. Rd7 Be5 41. Nd8 Bc7 42. Ne6 Be5 43. Nd8 Rxe4 44. Rb7+ Ka6 45. Rf7 Re1 46. Nxc6 Bc3 47. Ne7 Be5 48. Nc8 Bb8 49. Rxf6+ Kb7 50. Nb6 Ra1 51. Kb5 Kc7 52. Rc6+ Kb7 53. Re6 Kc7 54. Ka4 Kd8 55. Nd5 Bg3 56. Rg6 Be5 57. Kb5 Rxa3 58. Kc6 Ke8 59. Re6+ Kf7 60. Rxe5 Rxb3 61. Kxc5 a4 62. Re7+ Kg6 63. Ra7 a3 64. Kd6 Kf5 65. c5 Ke4 66. c6 Rd3 67. Ra4+ Rd4 68. Rxd4+ Kxd4 69. c7 a2 70. c8=Q a1=B 1-0

[Event "20th Prague Open 2022"]
[Site "Prague"]
[Date "2022.01.14"]
[Round "9.21"]
[White "Azhar, Puteri Munajjah Az-Z"]
[Black "Van Foreest, Machteld"]
[Result "1/2-1/2"]
[ECO "D45"]
[WhiteElo "2052"]
[BlackElo "2189"]
[Annotator "NA"]
[PlyCount "119"]
[EventDate "2022.01.07"]
[EventType "swiss"]
[EventCountry "CZE"]
[SourceTitle "playchess.com"]
[Source "ChessBase"]
[SourceQuality "1"]
[TimeControl "40/5400+30:1800+30"]

1. d4 d5 2. c4 c6 3. Nc3 Nf6 4. Nf3 e6 5. e3 Bd6 6. Be2 O-O 7. Qc2 Nbd7 8. O-O b6 9. e4 dxe4 {[%emt 0:01:17] 9...Nxe4 is more fashionable.} 10. Nxe4 Be7 11. b3 Nxe4 12. Qxe4 Bb7 {[%emt 0:01:16] [#]} 13. Rd1 $146 ({Predecessor:} 13. Bb2 Re8 14. Bd3 Nf6 15. Qh4 h6 16. Ne5 Nd7 17. Qe4 f5 18. Qe2 Nxe5 19. dxe5 Qc7 20. Bc3 Rad8 21. b4 Rd7 22. Rfd1 Red8 23. Bc2 {½-½ (23) Gonzalez Vega,A (2291)-Romero Nunez,W (2125) Havana 2010}) 13... Nf6 14. Qc2 Qc7 15. Bb2 Rfd8 16. c5 Nd5 17. Ne5 Bf6 18. Bf3 Rac8 19. a3 bxc5 20. Qxc5 Be7 21. Qc2 c5 22. dxc5 Bd6 23. Re1 Bxc5 24. b4 Bb6 25. Qxc7 Rxc7 26. Rac1 Rxc1 27. Bxc1 Rc8 28. Nd7 Bd4 29. Be3 Bb2 30. Bxa7 Bxa3 31. b5 Rc7 32. Ne5 f6 33. Nd3 Rc3 34. Bxd5 (34. Be2 $1 $11 {remains equal.}) 34... exd5 35. Nf4 Rb3 36. Ne6 Rxb5 37. Nd8 Be7 38. Ne6 Ra5 39. Bd4 {[%emt 0:00:24] [#]} Kf7 (39... Bd6 $1 $17 40. Nd8 Bc8) 40. Nxg7 Bc8 41. Nh5 Ra4 42. Bb2 Ra2 43. Bd4 $1 Ra4 44. Bb2 Bg4 45. Ng3 Bc5 46. Ra1 (46. Rc1 $1 $11 {keeps the balance.} Rc4 47. Rxc4 dxc4 48. Kf1) 46... Rf4 47. Nh1 Rb4 48. Bc3 Rb3 49. Be1 d4 50. f3 $17 Be6 51. Bf2 Rc3 52. Ng3 f5 53. Ne2 Rd3 54. Rc1 Ba3 55. Rc7+ Ke8 56. Bxd4 Rd2 57. Kf2 Bd6 58. Rc3 Kd7 59. Ke3 Ra2 60. Bc5 1/2-1/2